 Dungeon Sprint DCSS version 0.28.0-53-g5a82cb258f (webtiles) character file.

Game seed: 10963045577482875386

4 Zeld the Conjurer (level 1, 0/10 HPs)
             Began as a Deep Elf Conjurer on June 6, 2022.
             Was a Follower of Sif Muna.
             Succumbed to a scorpion's poison
             ... in the Dungeon (Sprint VII: "The Pits").
             The game lasted 00:00:46 (249 turns).

Zeld the Conjurer (Deep Elf Conjurer)                Turns: 249, Time: 00:00:46

Health: 0/10       AC:  2    Str:  4    XL:     1   Next: 50%
Magic:  5/6        EV: 12    Int: 22    God:    Sif Muna [*.....]
Gold:   0          SH:  0    Dex: 13    Spells: 5/6 levels left

rFire   . . .      SeeInvis .   a - +2 quarterstaff
rCold   . . .      Faith    .   (shield currently unavailable)
rNeg    . . .      Spirit   .   h - +0 robe
rPois   .          Reflect  .   (no helmet)
rElec   .          Harm     .   (no cloak)
rCorr   .          Rampage  .   (no gloves)
Will    .....      NoTele   +   (no boots)
Stlth   ++........              (no amulet)
HPRegen 0.03/turn               (no ring)
MPRegen 0.10/turn               (no ring)

@: lethally poisoned (0 -> -14)
A: no striking features
a: Renounce Religion, Channel Magic


You were in the Dungeon.
You worshipped Sif Muna.
Sif Muna was aware of your devotion.
You visited 1 branch

Inventory:

Hand Weapons
 a - a +2 quarterstaff (weapon)
Armour
 h - a +0 robe (worn)
Scrolls
 g - a scroll of blinking
 j - 5 scrolls of amnesia
 k - a scroll of summoning
Potions
 d - a potion of haste
 e - 3 potions of magic
 f - 3 potions of berserk rage
 i - 2 potions of invisibility


   Skills:
 - Level 2.4 Dodging
 - Level 2.4 Stealth
 + Level 3.3 Spellcasting
 + Level 4.6 Conjurations
 - Level 2.0 Hexes
 * Level 1.9 Translocations


You had 5 spell levels left.
You knew the following spells:

 Your Spells              Type           Power      Damage    Failure   Level
a - Magic Dart            Conj           92%        1d7       1%          1

Your spell library contained the following spells:

 Spells                   Type           Power      Damage    Failure   Level
 Searing Ray              Conj           46%        2d6       2%          2
 Dazzling Flash           Conj/Hex       36%        N/A       10%         3
 Fulminant Prism          Conj/Hex       9%         3d7       30%         4
 Iskenderun's Mystic Bla  Conj/Tloc      18%        2d6       30%         4


Dungeon Overview and Level Annotations

Branches:
Dungeon (1/1)

Altars:
Ashenzari
Cheibriados
Dithmenos
Elyvilon
Fedhas
Gozag
Hepliaklqana
Kikubaaqudgha
Makhleb
Nemelex Xobeh
Okawaru
Qazlal
Ru
Sif Muna
Trog
Uskayaw
Vehumet
Wu Jian
Xom
Yredelemnul
Zin
The Shining One
Beogh
Jiyva
Lugonu


Message History

Aiming: Magic Dart (safe; 1% risk of failure)
Press: ? - help, Shift-Dir - straight line, f/p - scorpion
Aim: a scorpion (moderately wounded, 100% to hit)
The magic dart hits the scorpion.
The scorpion is severely wounded.
The scorpion stings you.
* * * LOW HITPOINT WARNING * * *
You are lethally poisoned!
The scorpion poisons you!
Casting: Magic Dart (safe; 1% risk of failure)
Confirm with . or Enter, or press ? or * to list all spells.
You don't have enough magic to cast this spell.
Unknown command.
You feel better.
The scorpion stings you but does no damage.
Magic courses through your body. The scorpion stings you.
Ouch! That really hurt!
Casting: Magic Dart (safe; 1% risk of failure)
Confirm with . or Enter, or press ? or * to list all spells.
Aiming: Magic Dart (safe; 1% risk of failure)
Press: ? - help, Shift-Dir - straight line, f/p - scorpion
Aim: a scorpion (severely wounded, 100% to hit)
The magic dart hits the scorpion.
The scorpion is severely wounded.
The scorpion stings you.
* * * LOW HITPOINT WARNING * * *
You feel much better. The scorpion stings you!
Ouch! That really hurt!
* * * LOW HITPOINT WARNING * * *
You are lethally poisoned!
The scorpion poisons you!
The scorpion stings you but does no damage.
Casting: Magic Dart (safe; 1% risk of failure)
Confirm with . or Enter, or press ? or * to list all spells.
Aiming: Magic Dart (safe; 1% risk of failure)
Press: ? - help, Shift-Dir - straight line, f/p - scorpion
Aim: a scorpion (severely wounded, 100% to hit)
The magic dart hits the scorpion.
The scorpion is almost dead.
You die...

#_________.#
#_________.#
#_______...###########+
##########'##..........
#.?(.')))'.##......#..#
##########.##..........
#...........)..........
#+#####'#####......#..#
#..#@.# #..........
#..s..# ####'#####+
#..#### #.......# #..
#.......# #.. #.......#
##+ #...<...# #.......#
#.......# #.......#


You could see a scorpion.

Vanquished Creatures
  A ball python (D)
  A quokka (D)
  A bat (D)
  A kobold (D)
4 creatures vanquished.

Notes
Turn   | Place    | Note
-------+----------+-------------------------------------------
     0 | D        | Zeld the Deep Elf Conjurer began the quest for the Orb.
     0 | D        | Reached XP level 1. HP: 10/10 MP: 6/6
    33 | D        | Reached skill level 1 in Hexes
   107 | D        | Found a bloodstained altar of Trog.
   107 | D        | Found a shimmering blue altar of Sif Muna.
   107 | D        | Found a viscous altar of Jiyva.
   107 | D        | Found a hazy altar of Hepliaklqana.
   107 | D        | Found an opulent altar of Gozag.
   108 | D        | Found a glowing golden altar of the Shining One.
   108 | D        | Found a glowing silver altar of Zin.
   108 | D        | Found a basalt altar of Yredelemnul.
   108 | D        | Found a shimmering altar of Xom.
   108 | D        | Found an ornate altar of the Wu Jian Council.
   108 | D        | Found a sacrificial altar of Ru.
   108 | D        | Found a stormy altar of Qazlal.
   108 | D        | Found an iron altar of Okawaru.
   108 | D        | Found a sparkling altar of Nemelex Xobeh.
   108 | D        | Found a burning altar of Makhleb.
   108 | D        | Found a blossoming altar of Fedhas.
   108 | D        | Found a white marble altar of Elyvilon.
   108 | D        | Found a shadowy altar of Dithmenos.
   108 | D        | Found a snail-covered altar of Cheibriados.
   109 | D        | Found a radiant altar of Vehumet.
   109 | D        | Found a corrupted altar of Lugonu.
   110 | D        | Found an ancient bone altar of Kikubaaqudgha.
   110 | D        | Found a hide-covered altar of Uskayaw.
   110 | D        | Found a broken altar of Ashenzari.
   111 | D        | Became a worshipper of Sif Muna the Loreminder
   146 | D        | Reached skill level 1 in Translocations
   237 | D        | Noticed a scorpion
   238 | D        | Reached * piety under Sif Muna
   249 | D        | Succumbed to a scorpion's poison

Illustrated notes

Levels and vault maps discovered:
D:        pitsprint [storerooms_1, entrance_room_1, metal_vault_2, armoury_1,
          mini_pit_1, grid_room_1, main_hall_1, silver_pit, the_coven_1,
          the_vestibule_1, steel_vault_3, golden_pit, hallway_of_sentries,
          crystal_vault_4, iron_vault_2, final_vault]

Skill      XL: |  1 |
---------------+----+-----
Hexes          | 2 |  2.0
Translocations | 1 |  1.9
Dodging        | |  2.4
Stealth        | |  2.4
Spellcasting   | |  3.3
Conjurations   | |  4.6

Action                   || total
-------------------------++-------
 Cast: Magic Dart        ||    14
  Use: Potion            ||     3
Armor: Robe              ||     3
Dodge: Dodged            ||     4
